Description

Proxy hatch ravager push.

13 pool 8 ling rush opener 1:17 drop proxy hatch 1:43 Take 2 gas (fully sat asap) 2:09 Roach Warren make queen at proxy (might wanna save energy for transfuse) 3 roaches 3 ravagers keep pumpin roaches.

Build Order

Why is there no SALT encoding or Overwolf build?

  13  0:01   Drone  
  12  0:23   Spawning Pool  
  14  0:43  Send drone to proxy third**** (made it primal drone to catch your attention) Primal Drone  
  15  0:45  use extractor trick Overlord  
  15  1:09  (3 sets of 2) Zergling x6  
  17  1:17  (at proxy) Hatchery  
  18  1:22  (1 more set totaling 8 zerglings), I personally think this is way better than making a drone but try both out! Zergling x2  
  19  1:43  Start getting gas asap Roach, Extractor x2  
  20  2:09  Im assuming you havn't lost supply yet somehow Roach Warren  
  20  2:19  Just get an overlord @ main. and drone a bit. Overlord  
  21  2:35  Proxy queen Queen  
  21  2:50  Proxy roach Roach x3  
  27  3:09   Ravager x3  
  30    Just keep sending roaches and adjust to whats needed. Lair, roaches, queen, natural, etc. Roach  
Spawning Tool Build Advisor. Get it on Overwolf

Analysis

13 pool 8 ling rush opener 1:17 drop proxy hatch 1:43 Take 2 gas (fully sat asap) 2:09 Roach Warren make queen at proxy (might wanna save energy for transfuse) 3 roaches 3 ravagers keep pumpin roaches.

Go to:

Details

  • Created by: LEXCHAKRA
  • Published on: Sep 28, 2018
  • Modified on: Sep 30, 2018
  • Patch: 4.0.0
Show

Export as new Build Order

Comments (0)

There are no comments. Be the first!

Create an account to comment!